 Dungeon Crawl Stone Soup version 0.31-a0-596-g831eee08f1 (webtiles) character file.

Game seed: 15808527882516849944

17 Babbit the Conjurer (level 2, 0/20 HPs)
             Began as a Draconian Conjurer on Aug 20, 2023.
             Slain by a goblin
             ... wielding a +0 club
              (3 damage)
             ... on level 1 of the Dungeon.
             The game lasted 00:05:19 (396 turns).

Babbit the Conjurer (Draconian Conjurer)             Turns: 396, Time: 00:05:20

Health: 0/20       AC:  4    Str:  9    XL:     2   Next: 44%
Magic:  1/5        EV: 12    Int: 18    God:
Gold:   8          SH:  0    Dex:  9    Spells: 4/5 levels left

rFire   . . .        (no weapon)
rCold   . . .        (no shield)
rNeg    . . .        (body armour unavailable)
rPois   .            (helmet restricted)
rElec   .            (no cloak)
rCorr   .            (no gloves)
SInv    .            (no boots)
Will    .....        (no amulet)
Stlth   ++           (no ring)
HPRegen 0.23/turn    (no ring)
MPRegen 0.09/turn

%: no passive effects
@: no status effects
A: AC +4, unfitting armour, cold-blooded
a: no special abilities


You were on level 1 of the Dungeon.
You visited 1 branch of the dungeon, and saw 1 of its levels.

You collected 8 gold pieces.

Inventory:

Scrolls
 b - a scroll of teleportation {unknown}
Potions
 a - a potion of magic


   Skills:
 + Level 1.8 Dodging
 + Level 1.8 Stealth
 + Level 2.1 Spellcasting
 + Level 4.6 Conjurations


You had 4 spell levels left.
You knew the following spells:

 Your Spells              Type           Power      Damage    Failure   Level
a - Magic Dart            Conj           72%        1d6       2%          1

Your spell library contained the following spells:

 Spells                   Type           Power      Damage    Failure   Level
 Searing Ray              Conj           36%        2d5       4%          2
 Dazzling Flash           Conj/Hex       20%        N/A       22%         3
 Fulminant Prism          Conj/Hex       5%         3d7       56%         4
 Iskenderun's Mystic Bla  Conj/Tloc      10%        2d4       56%         4


Dungeon Overview and Level Annotations

Branches:
Dungeon (1/15)

Altars:


Innate Abilities, Weirdness & Mutations

Your plain brown scales are hard. (AC +4)
You cannot fit into any form of body armour.
You are cold-blooded and may be slowed by cold attacks.


Message History

The goblin attacks as it pursues you! The goblin misses you.
The jackal bites the bush.
The quokka twitches its whiskers.
The goblin attacks as it pursues you! The goblin hits you but does no damage.
Unknown command.
Aiming: Magic Dart (safe; 2% risk of failure)
Press: ? - help, Q - select action Shift-Dir - straight line, f/p - jackal
Aim: a jackal (heavily wounded, 100% to hit)
The magic dart hits the quokka.
The quokka is heavily wounded.
The hobgoblin barely misses you. The goblin closely misses you.
You hit the hobgoblin but do no damage. The quokka misses you.
The hobgoblin hits you but does no damage.
The goblin hits you but does no damage. The quokka closely misses you.
You hit the hobgoblin but do no damage. The hobgoblin barely misses you.
The goblin barely misses you. The dart slug bites you. The quokka misses you.
Something hits the bush but does no damage.
You hit the hobgoblin.
The hobgoblin is moderately wounded.
The hobgoblin hits you but does no damage.
The quokka bites you but does no damage.
The dart slug launches a dart at you. The slug dart hits you.
You closely miss the hobgoblin.
The hobgoblin is moderately wounded.
The quokka closely misses you. The hobgoblin hits you.
The goblin hits the bush but does no damage.
The jackal bites you but does no damage.
The goblin completely misses you.
You closely miss the hobgoblin.
The hobgoblin is moderately wounded.
The quokka barely misses you. The jackal misses you.
The goblin hits the bush but does no damage.
The hobgoblin hits you.
* * * LOW HITPOINT WARNING * * *
The dart slug launches a dart at you. The slug dart hits you.
* * * LOW HITPOINT WARNING * * *
The goblin hits you with a +0 club.
You die...

#......♣......g......♣.
.....♣♣♣~♣J...PP...g.♣~♣
##..♣...♣~♣..PPPP..J♣~♣.
♣.....♣~♣PPPPPPP♣K♣..
♣......♣~♣PPPPP♣~♣... .
♣).....P♣~♣ PP♣~♣P...
...♣...$.PPP♣~♣♣♣~♣PPP..
....♣..gPPPP ♣~~~♣PPPPP.
.....♣g@PPPP ♣~<~♣PPPPP.
#...♣.whrPPP ♣~~~♣


PPPK. ...♣...rgJPP♣~♣♣♣~♣PP... ♣.....[P♣~♣ ♣~♣P... ♣.....g♣~♣PPPPP♣~♣...
♣.....♣~♣PPPPPPP♣K♣.. ...♣...♣~♣..hPPPP.g♣~♣. ....♣♣♣~♣....gPP....♣~♣ ....
..♣.......J.....♣. You could see a dart slug, an endoplasm, a quokka, a jackal,
2 hobgoblins, 2 goblins and a rat.

Vanquished Creatures
  3 bats (D:1)
  A giant cockroach (D:1)
  A goblin (D:1)
  A hobgoblin (D:1)
  2 jackals (D:1)
  A quokka (D:1)
  3 ball pythons (D:1)
  A frilled lizard (D:1)
  A rat (D:1)
14 creatures vanquished.

Notes
Turn   | Place    | Note
-------+----------+-------------------------------------------
     0 | D:1      | Babbit the Draconian Conjurer began the quest for the Orb.
     0 | D:1      | Reached XP level 1. HP: 14/14 MP: 3/3
   132 | D:1      | Reached XP level 2. HP: 20/20 MP: 3/5
   396 | D:1      | Slain by a goblin

Illustrated notes

Levels and vault maps discovered:
D:1:      orjb1_clovarrival, layout_rooms, minmay_curled_crystal

Action                     || total
---------------------------++-------
  Melee: Unarmed           ||    15
         Tailslap          ||     1
   Cast: Magic Dart        ||    31
 Armour: Skin              ||    28
  Dodge: Dodged            ||    84

Table legend: (Time is in decaauts)
 A = Elapsed time spent in this place.
 B = Non-inter-level travel time spent in this place.
 C = Inter-level travel time spent in this place.
 D = Time resting spent in this place.
 E = Time spent auto-exploring this place.
 F = Levels seen in this place.
 G = Mean time per level.
                   A        B        C        D        E       F      G
               +--------+--------+--------+--------+--------+-----+--------+
         Total |    403 |    403 |      0 |    146 |     96 |   1 |  403.0 |
       Dungeon |    403 |    403 |      0 |    146 |     96 |   1 |  403.0 |
               +--------+--------+--------+--------+--------+-----+--------+

Top non-repeatable levels by time:
     D:1: 403 daAuts
